 Dungeon Crawl Stone Soup version 0.29.1-15-g9cfb28693d (webtiles) character file.

Game seed: 11434564195963050451

3768 jtron the Cruncher (level 10, -8/76 HPs)
             Began as a Gnoll Wanderer on Mar 27, 2023.
             Was an Initiate of Gozag.
             Mangled by a two-headed ogre
             ... wielding a +0 giant spiked club
              (12 damage)
             ... on level 8 of the Dungeon on Mar 28, 2023.
             The game lasted 00:26:50 (8423 turns).

jtron the Cruncher (Gnoll Wanderer)                 Turns: 8423, Time: 00:26:51

Health: -8/76      AC:  6    Str: 12    XL:     10   Next: 16%
Magic:  4/19       EV: 14    Int: 13    God:    Gozag
Gold:   1144       SH:  0    Dex: 14    Spells: 17/21 levels left

rFire   . . .      SeeInvis .   H - staff of earth
rCold   . . .      Faith    .   (no shield)
rNeg    . . .      Spirit   .   r - +2 robe {Archmagi}
rPois   .          Reflect  .   (no helmet)
rElec   .          Harm     .   (no cloak)
rCorr   .          Rampage  .   y - +0 pair of gloves
Will    .....      Archmagi +   K - +0 pair of boots
Stlth   +++.......              (no amulet)
HPRegen 0.22/turn               (no ring)
MPRegen 0.16/turn               (no ring)

@: mighty, slowed, very slow
A: fangs 1, strong nose, distributed training
a: Renounce Religion, Potion Petition, Call Merchant, Bribe Branch


You were on level 8 of the Dungeon.
You worshipped Gozag.
Gozag was most pleased with you.
You visited 1 branch of the dungeon, and saw 8 of its levels.

You collected 1244 gold pieces.
You spent 100 gold pieces at shops.

Inventory:

Hand Weapons
 a - a +2 quarterstaff
 b - a +0 shortbow
 c - a +0 dagger
 L - a +0 sling
Missiles
 h - 51 stones
 i - a boomerang
 t - 14 poisoned darts (quivered)
 F - 4 javelins
 G - 2 curare-tipped darts
Armour
 e - a +0 leather armour
 r - a +2 robe of the Archmagi (worn)
 x - a +0 pair of gloves
 y - a +0 pair of gloves (worn)
 K - a +0 pair of boots (worn)
Magical Staves
 H - a staff of earth (weapon)
Jewellery
 n - an amulet of guardian spirit
 v - an amulet of reflection
 E - a ring of magical power
Wands
 k - a wand of paralysis (7)
 u - a wand of flame (17)
Scrolls
 d - 3 scrolls of vulnerability
 j - a scroll of magic mapping
 m - 2 scrolls of immolation
 s - 2 scrolls of poison
 z - a scroll of amnesia
 D - 2 scrolls of blinking
 I - 3 scrolls of teleportation
 J - a scroll of fear {unknown}
Potions
 f - a potion of cancellation {unknown}
 g - 3 potions of might
 l - 3 potions of haste
 o - 2 potions of brilliance {unknown}
 p - 4 potions of lignification
 q - a potion of flight {unknown}
 w - 2 potions of curing
 A - a potion of magic {unknown}
 B - 2 potions of degeneration {unknown}
 C - 2 potions of mutation {unknown}
 M - a potion of invisibility {unknown}


   Skills:
 + Level 5.9 Fighting
 + Level 5.2 Short Blades
 + Level 5.2 Long Blades
 + Level 5.2 Axes
 + Level 5.2 Maces & Flails
 + Level 5.2 Polearms
 + Level 10.0 Staves
 + Level 5.2 Ranged Weapons
 + Level 5.9 Throwing
 + Level 5.2 Armour
 + Level 5.2 Dodging
 + Level 5.8 Stealth
 + Level 5.2 Shields
 + Level 5.2 Unarmed Combat
 + Level 6.0 Spellcasting
 + Level 4.3 Conjurations
 + Level 4.3 Hexes
 + Level 4.3 Summonings
 + Level 4.3 Necromancy
 + Level 4.3 Translocations
 + Level 4.3 Transmutations
 + Level 4.3 Fire Magic
 + Level 4.3 Ice Magic
 + Level 4.3 Air Magic
 + Level 5.8 Earth Magic
 + Level 4.3 Poison Magic
 + Level 5.7 Invocations
 + Level 5.2 Evocations


You had 17 spell levels left.
You knew the following spells:

 Your Spells              Type           Power      Damage    Failure   Level
a - Sandblast             Erth           84%        2d18      1%          1
b - Stone Arrow           Conj/Erth      76%        3d11      6%          3

Your spell library contained the following spells:

 Spells                   Type           Power      Damage    Failure   Level
 Magic Dart               Conj           88%        1d7       3%          1
 Call Imp                 Summ           22%        N/A       4%          2
 Searing Ray              Conj           44%        2d6       4%          2
 Mephitic Cloud           Conj/Pois/Air  22%        N/A       9%          3
 Cause Fear               Hex            11%        N/A       28%         4
 Fulminant Prism          Conj/Hex       11%        3d9       28%         4
 Dragon Form              Tmut           11%        N/A       100%        7
 Dragon's Call            Summ           11%        N/A       100%        9


Dungeon Overview and Level Annotations

Branches:
Dungeon (8/15)             Temple (0/1) D:5
   Lair: D:8-11

Altars:
Gozag
Qazlal

Shops:
D:4 *   D:5 *

Annotations:
D:7 2 runed translucent doors, LustLizard's ghost, novice TrFi


Innate Abilities, Weirdness & Mutations

You have very sharp teeth.
Your uncanny sense of smell can sniff out nearby items.
Your experience applies equally to all skills.


Message History

You feel very sick.
You hit the kobold brigand!
The kobold brigand is almost dead.
You feel sick.
The two-headed ogre looks more healthy.
The kobold brigand barely misses you.
Casting: Stone Arrow (dangerous; 6% risk of failure)
Confirm with . or Enter, or press ? or * to list all spells.
Aiming: Stone Arrow (dangerous; 6% risk of failure)
Press: ? - help, Shift-Dir - straight line, f/p - two-headed ogre
Aim: a two-headed ogre, wielding two +0 giant spiked clubs (lightly wounded, 88% to hit)
You feel a strong surge of power!
The stone arrow hits the kobold brigand!
You kill the kobold brigand!
You feel sick.
The two-headed ogre is no longer distracted by gold.
A bullfrog comes into view.
You hit the kobold!
You shatter the kobold.
You kill the kobold!
You feel sick.
Casting: Stone Arrow (dangerous; 6% risk of failure)
Confirm with . or Enter, or press ? or * to list all spells.
Aiming: Stone Arrow (dangerous; 6% risk of failure)
Press: ? - help, Shift-Dir - straight line, f/p - two-headed ogre
Aim: a two-headed ogre, wielding two +0 giant spiked clubs (lightly wounded, 88% to hit)
You feel a strong surge of power!
The stone arrow hits the two-headed ogre!!
The two-headed ogre is heavily wounded.
You feel sick.
You are no longer poisoned.
The two-headed ogre hits you with a +0 giant spiked club!!
* * * LOW HITPOINT WARNING * * *
The two-headed ogre hits you with a +0 giant spiked club.
* * * LOW HITPOINT WARNING * * *
You feel better. The bullfrog hits you.
* * * LOW HITPOINT WARNING * * *
The two-headed ogre hits you with a +0 giant spiked club!
* * * LOW HITPOINT WARNING * * *
The two-headed ogre hits you with a +0 giant spiked club!
You die...
Your body crumbles into a pile of gold.

############## ###########
>............# #........)#
...(......OF.# #.........#
##..##..###@#######.###+###
#.$###.....###.###..##
...K.+................#
....O.#...#............#
..###...#######.###.###..#
. #...# #.#######'### ##
..... +...........# ....
#...........# +
...!#...........#


You could see a two-headed ogre and a bullfrog.

Vanquished Creatures
  Pikel (D:6)
  Grinder (D:4)
  Menkaure (D:4)
  A steam dragon (D:6)
  3 water moccasins (D:5)
  2 ice beasts
  4 ogres
  A centaur (D:7)
  3 lemures (D:6)
  3 phantoms
  A kobold brigand (D:8)
  A gnoll sergeant (D:5)
  6 scorpions
  3 bullfrogs
  3 wights
  3 howler monkeys (D:7)
  5 hounds
  3 jellies
  3 orc priests (D:5)
  4 iguanas
  2 orc wizards (D:5)
  Ijyb (D:4)
  4 gnolls (D:3)
  9 adders
  A shadow imp (D:6)
  A white imp (D:5)
  5 ufetubi
  2 worms (D:4)
  6 dart slugs
  12 orcs
  5 bats
  5 endoplasms
  A giant cockroach (D:1)
  8 goblins
  7 hobgoblins
  20 jackals
  2 quokkas
  6 ball pythons
  3 frilled lizards
  9 kobolds
  9 rats
170 creatures vanquished.

Vanquished Creatures (others)
  7 plants (D:4)
7 creatures vanquished.

Grand Total: 177 creatures vanquished

Notes
Turn   | Place    | Note
-------+----------+-------------------------------------------
     0 | D:1      | jtron the Gnoll Wanderer began the quest for the Orb.
     0 | D:1      | jtron set off with the following items: a +2 quarterstaff,
                  | 11 poisoned darts, a +0 dagger, a scroll of vulnerability,
                  | a +0 leather armour; and the following spell memorised:
                  | Sandblast; and the following spells available to memorise:
                  | Stone Arrow.
     0 | D:1      | Reached XP level 1. HP: 17/17 MP: 4/4
    85 | D:1      | Reached XP level 2. HP: 20/23 MP: 2/5
   519 | D:1      | Reached XP level 3. HP: 28/28 MP: 7/7
   938 | D:1      | Reached skill level 1 in Invocations
   986 | D:1      | Reached skill level 1 in Short Blades
   986 | D:1      | Reached skill level 1 in Long Blades
   986 | D:1      | Reached skill level 1 in Axes
   986 | D:1      | Reached skill level 1 in Maces & Flails
   986 | D:1      | Reached skill level 1 in Polearms
   986 | D:1      | Reached skill level 1 in Ranged Weapons
   986 | D:1      | Reached skill level 1 in Armour
   986 | D:1      | Reached skill level 1 in Dodging
   986 | D:1      | Reached skill level 1 in Shields
   986 | D:1      | Reached skill level 1 in Unarmed Combat
   986 | D:1      | Reached skill level 1 in Evocations
  1275 | D:2      | Reached XP level 4. HP: 29/34 MP: 8/8
  1503 | D:2      | You fall into a shaft and drop 1 floor!
  1503 | D:3      | Found a faded altar of an unknown god.
  1517 | D:3      | Reached skill level 1 in Conjurations
  1517 | D:3      | Reached skill level 1 in Hexes
  1517 | D:3      | Reached skill level 1 in Summonings
  1517 | D:3      | Reached skill level 1 in Necromancy
  1517 | D:3      | Reached skill level 1 in Translocations
  1517 | D:3      | Reached skill level 1 in Transmutations
  1517 | D:3      | Reached skill level 1 in Fire Magic
  1517 | D:3      | Reached skill level 1 in Ice Magic
  1517 | D:3      | Reached skill level 1 in Air Magic
  1517 | D:3      | Reached skill level 1 in Poison Magic
  1521 | D:3      | Prayed at the altar of an unknown god.
  1521 | D:3      | Became a worshipper of Gozag Ym Sagoz the Greedy
  1558 | D:3      | Reached XP level 5. HP: 35/40 MP: 5/9
  1960 | D:3      | Found a stormy altar of Qazlal.
  2253 | D:4      | Noticed a phantom
  2265 | D:4      | Killed a phantom
  2266 | D:4      | Reached XP level 6. HP: 38/47 MP: 9/11
  3079 | D:4      | Noticed Ijyb
  3102 | D:4      | Killed Ijyb
  3103 | D:4      | Reached XP level 7. HP: 25/52 MP: 0/12
  3412 | D:4      | Found Metad's Assorted Antiques.
  3437 | D:4      | Bought a scroll of identify for 50 gold pieces
  3437 | D:4      | Bought a scroll of identify for 50 gold pieces
  3669 | D:4      | Noticed Menkaure
  3669 | D:4      | Noticed Grinder
  3676 | D:4      | Killed Menkaure
  3682 | D:4      | Paralysed by Grinder for 3 turns
  3689 | D:4      | Killed Grinder
  3690 | D:4      | Reached skill level 9 in Staves
  3886 | D:5      | Entered Level 5 of the Dungeon
  3894 | D:5      | Learned a level 3 spell: Stone Arrow
  3923 | D:5      | Found a staircase to the Ecumenical Temple.
  3929 | D:5      | Reached XP level 8. HP: 60/60 MP: 11/14
  4807 | D:5      | Found Ruvooc's Serpentskin Sales.
  5219 | D:5      | Reached skill level 5 in Earth Magic
  5233 | D:5      | Reached XP level 9. HP: 47/66 MP: 3/16
  5835 | D:5      | Reached skill level 5 in Spellcasting
  6064 | D:6      | Noticed Pikel
  6196 | D:6      | Reached skill level 5 in Fighting
  6196 | D:6      | Reached skill level 5 in Throwing
  6514 | D:6      | Reached skill level 5 in Stealth
  7452 | D:6      | Reached skill level 5 in Invocations
  7527 | D:6      | Killed Pikel
  7705 | D:7      | Reached skill level 5 in Short Blades
  7705 | D:7      | Reached skill level 5 in Long Blades
  7705 | D:7      | Reached skill level 5 in Axes
  7705 | D:7      | Reached skill level 5 in Maces & Flails
  7705 | D:7      | Reached skill level 5 in Polearms
  7705 | D:7      | Reached skill level 5 in Ranged Weapons
  7705 | D:7      | Reached skill level 5 in Armour
  7705 | D:7      | Reached skill level 5 in Dodging
  7705 | D:7      | Reached skill level 5 in Shields
  7705 | D:7      | Reached skill level 5 in Unarmed Combat
  7705 | D:7      | Reached skill level 5 in Evocations
  7705 | D:7      | Reached XP level 10. HP: 76/76 MP: 8/18
  7778 | D:7      | Noticed a gargoyle
  7877 | D:7      | Found a large runed translucent door.
  7877 | D:7      | Found a large runed translucent door.
  7879 | D:7      | Noticed LustLizard's ghost (novice TrFi)
  7961 | D:7      | Reached skill level 10 in Staves
  8346 | D:8      | Noticed a two-headed ogre
  8423 | D:8      | Mangled by a two-headed ogre

Illustrated notes

Levels and vault maps discovered:
D:1:      dpeg_arrival_ratfight, layout_basic
D:2:      layout_loops_ring, basic_altar
D:3:      layout_rooms, mainiacjoe_overflow_boulevard, basic_ecumenical_altar
D:4:      layout_cave_pools, serial_shops, shop_fountains,
          serial_bayou_lagoon_b, uniq_menkaure, uniq_ijyb, uniq_grinder
D:5:      minmay_razor_zed, layout_loops_corners, minmay_temple_entry_glass,
          guppyfry_shop_venom
D:6:      layout_basic, st_stairs_4, uniq_pikel
D:7:      layout_cave_pools, ebering_ghost_disaster_area
D:8:      layout_gridville, gammafunk_ghost_hive

Skill      XL: |  1  2  3  4  5  6  7  8  9 10 |
---------------+-------------------------------+-----
Invocations    | 1 2 3 4 5 |  5.7
Short Blades   | 1 2 3 5 |  5.2
Long Blades    | 1 2 3 5 |  5.2
Axes           | 1 2 3 5 |  5.2
Maces & Flails | 1 2 3 5 |  5.2
Polearms       | 1 2 3 5 |  5.2
Ranged Weapons | 1 2 3 5 |  5.2
Armour         | 1 2 3 5 |  5.2
Dodging        | 1 2 3 5 |  5.2
Shields        | 1 2 3 5 |  5.2
Unarmed Combat | 1 2 3 5 |  5.2
Evocations     | 1 2 3 5 |  5.2
Spellcasting   | 3 4 5 6 |  6.0
Conjurations   | 1 2 3 4 |  4.3
Hexes          | 1 2 3 4 |  4.3
Summonings     | 1 2 3 4 |  4.3
Necromancy     | 1 2 3 4 |  4.3
Translocations | 1 2 3 4 |  4.3
Transmutations | 1 2 3 4 |  4.3
Fire Magic     | 1 2 3 4 |  4.3
Ice Magic      | 1 2 3 4 |  4.3
Air Magic      | 1 2 3 4 |  4.3
Poison Magic   | 1 2 3 4 |  4.3
Fighting       | 3 4 5 |  5.9
Throwing       | 3 4 5 |  5.9
Earth Magic    | 4 5 |  5.8
Stealth        | 3 4 5 |  5.8
Staves         | 9 10 | 10.0

Action                   |  1- 3 |  4- 6 |  7- 9 | 10-12 || total
-------------------------+-------+-------+-------+-------++-------
Melee: Quarterstaff      |    66 |    70 |   111 |       ||   247
       Bite              |     7 |     7 |    23 |     2 ||    39
       Staff             |       |       |     7 |    16 ||    23
 Fire: Sling             |       |     1 |     2 |       ||     3
Throw: Dart              |       |     9 |       |     2 ||    11
       Stone             |       |     5 |     1 |       ||     6
       Javelin           |       |     3 |    31 |     2 ||    36
 Cast: Sandblast         |    26 |    44 |    38 |       ||   108
       Stone Arrow       |       |       |    51 |    18 ||    69
Evoke: Wand              |       |       |     8 |     1 ||     9
  Use: Scroll            |       |     2 |     7 |     2 ||    11
       Potion            |       |     3 |     2 |     2 ||     7
 Stab: Sleeping          |     5 |     1 |     2 |       ||     8
Armor: Leather armour    |    12 |     6 |       |       ||    18
       Robe              |       |    25 |    28 |     3 ||    56
Dodge: Dodged            |    38 |    71 |    88 |    12 ||   209
